 Dungeon Crawl Stone Soup version 0.31-a0-702-gf82c85558f (webtiles) character file.

Game seed: 282586448653415014

259 qw the Shooter (level 6, -14/39 HPs)
             Began as a Gargoyle Hunter on Sept 8, 2023.
             Demolished by an ogre
             ... wielding a +0 giant spiked club
              (25 damage)
             ... on level 4 of the Dungeon.
             The game lasted 00:01:01 (2628 turns).

qw the Shooter (Gargoyle Hunter)                    Turns: 2628, Time: 00:01:01

Health: -14/39     AC: 11    Str: 15    XL:     6   Next: 17%
Magic:  6/6        EV: 11    Int:  9    God:
Gold:   56         SH:  0    Dex: 15    Spells: 5/5 levels left

rFire   . . .        Y - +0 shortbow
rCold   . . .        (shield currently unavailable)
rNeg    + . .        h - +0 ring mail
rPois   inf          (no helmet)
rElec   +            i - +0 cloak
rCorr   .            d - +0 pair of gloves
SInv    .            (no boots)
Will    .....        (no amulet)
Stlth   +            (no ring)
HPRegen 0.26/turn    (no ring)
MPRegen 0.10/turn

%: no passive effects
@: no status effects
A: sickness immunity, AC +4, negative energy resistance 1, electricity
resistance, torment resistance 1, petrification resistance
a: no special abilities


You were on level 4 of the Dungeon.
You visited 1 branch of the dungeon, and saw 4 of its levels.

You collected 182 gold pieces.
You spent 126 gold pieces at shops.


Innate Abilities, Weirdness & Mutations

You are immune to sickness and miasma.
Your stone body is resilient. (AC +4)
You are immune to poison.
You resist negative energy. (rN+)
You are resistant to electric shocks. (rElec)
You are resistant to unholy torment.
You are immune to petrification.


   Skills:
 - Level 4.4 Fighting
 + Level 6.0 Ranged Weapons
 - Level 1.2 Armour
 - Level 1.5 Dodging
 - Level 1.1 Stealth


You had 5 spell levels left.
You didn't know any spells.
Your spell library was empty.

Inventory:

Hand Weapons
 Y - a +0 shortbow (weapon)
Armour
 d - a +0 pair of gloves (worn)
 h - a +0 ring mail (worn)
 i - a +0 cloak (worn)
Jewellery
 c - a ring of positive energy
Scrolls
 j - a scroll of teleportation
Potions
 a - 2 potions of brilliance {unknown}
 b - a potion of curing {unknown}
 e - a potion of magic {unknown}
 g - a potion of attraction {unknown}
 k - a potion of haste {unknown}

Dungeon Overview and Level Annotations

Branches:
Dungeon (4/15)
 Temple: D:4-7

Altars:
Kikubaaqudgha
Qazlal
Sif Muna

Shops:
D:3 [

Annotations:
D:2 1 runed translucent door, Crazy Yiuf


Message History

You shoot an arrow. The arrow hits the scorpion!
The scorpion is moderately wounded.
You shoot an arrow. The arrow closely misses the scorpion.
You shoot an arrow. The arrow closely misses the scorpion.
You shoot an arrow. The arrow hits the scorpion.
The scorpion is severely wounded.
The scorpion misses you.
You shoot an arrow. The arrow hits the scorpion!
You kill the scorpion!
Your Fighting skill increases to level 4!
You have reached level 6!
You see here a scorpion corpse.
An endoplasm comes into view.
The endoplasm quivers.
You shoot an arrow. The arrow hits the endoplasm.
The endoplasm is moderately wounded.
You shoot an arrow. The arrow hits the endoplasm.
You kill the endoplasm!
a - 2 murky golden potions (gained 1)
Found an escape hatch in the ceiling.
An ogre comes into view. It is wielding a +0 giant spiked club.
Enter note:
Enter note:
Enter note: You shoot an arrow.
The arrow barely misses the ogre.
The ogre shouts!
You shoot an arrow.
The arrow hits the ogre but does no damage.
You shoot an arrow. The arrow completely misses the ogre.
You shoot an arrow. The arrow hits the ogre.
The ogre is lightly wounded.
You shoot an arrow. The arrow barely misses the ogre.
The ogre hits you with a +0 giant spiked club!!
Ouch! That really hurt!
You shoot an arrow.
The arrow hits the ogre but does no damage.
The ogre is lightly wounded.
The ogre hits you with a +0 giant spiked club!!
Ouch! That really hurt!
You die...

#.#..##.........#
#.#..######.###.##
#.#..# #.# #.#.
#.#..######.###... #.#
............#.
#.#..######.#####. #
#.#..######.##....
...##.#.................
......O@................
..#.....#..######.##.##.
#.#...#..# #.##.##.
#.....#..# #.##.#..
#.#.... .# #.##.#..
#....#. .# #.##...#
#.#.. . #.##.### #.#.#
.. ..##.# # ...


You could see an ogre.

Vanquished Creatures
  A scorpion (D:4)
  Natasha (D:3)
  2 orc wizards (D:3)
  3 gnolls (D:2)
  3 adders
  2 worms
  A dart slug (D:4)
  An orc (D:3)
  8 endoplasms
  3 giant cockroaches
  4 goblins
  7 hobgoblins
  3 jackals (D:2)
  5 kobolds
  2 quokkas (D:1)
  5 ball pythons
  3 bats
  6 frilled lizards
  5 rats
65 creatures vanquished.

Notes
Turn   | Place    | Note
-------+----------+-------------------------------------------
     0 | D:1      | qw the Gargoyle Hunter began the quest for the Orb.
     0 | D:1      | Reached XP level 1. HP: 12/12 MP: 1/1
     0 | D:1      | 0 ||| qw: Version: 0.3-a-76-g4403597
     0 | D:1      | 0 ||| qw: Game counter: 1034
     0 | D:1      | 0 ||| qw: Melee chars always use a shield: true
     0 | D:1      | 0 ||| qw: God list: Okawaru
     0 | D:1      | 0 ||| qw: Allow faded altars: false
     0 | D:1      | 0 ||| qw: Do Orc after clearing Dungeon:15 true
     0 | D:1      | 0 ||| qw: Do second Lair branch before Depths: true
     0 | D:1      | 0 ||| qw: Lair rune preference: random
     0 | D:1      | 0 ||| qw: Goals: Normal
     0 | D:1      | 0 ||| PLANNING D:1-11
   180 | D:1      | Reached XP level 2. HP: 17/17 MP: 2/2
   417 | D:1      | Reached XP level 3. HP: 21/21 MP: 3/3
   645 | D:1      | 645 ||| UPGRADING to +0 pair of gloves.
   650 | D:1      | 650 ||| READING scroll labelled VOEWEU JORY.
   651 | D:1      | 651 ||| READING 2 scrolls labelled CEIFASI SEIQ.
   652 | D:1      | 652 ||| READING scroll labelled NAUTIE GENEESU.
   653 | D:1      | 653 ||| READING scroll labelled VOJIPSOIQEK.
   654 | D:1      | 654 ||| READING scroll labelled NOICASEEVY.
   659 | D:1      | 659 ||| DROPPING scroll of butterflies.
   660 | D:1      | 660 ||| DROPPING scroll of poison.
   730 | D:2      | Reached skill level 5 in Ranged Weapons
   752 | D:2      | Found an ancient bone altar of Kikubaaqudgha.
   813 | D:2      | 813 ||| RETREATING.
   827 | D:2      | Reached skill level 3 in Fighting
   830 | D:2      | Reached XP level 4. HP: 20/28 MP: 4/4
  1123 | D:2      | Found a runed translucent door.
  1124 | D:2      | Noticed Crazy Yiuf
  1406 | D:2      | Found a faded altar of an unknown god.
  1753 | D:3      | Found Cugog's Antique Armour Shoppe.
  1766 | D:3      | 1766 ||| BUYING cloak (126 gold).
  1766 | D:3      | Bought a cloak for 126 gold pieces
  1766 | D:3      | 1766 ||| SHOPLISTING runed robe (103 gold, have 27).
  1766 | D:3      | 1766 ||| SHOPLISTING twisted ring mail (252 gold, have 27).
  1826 | D:3      | Reached XP level 5. HP: 32/32 MP: 5/5
  1982 | D:3      | Found a stormy altar of Qazlal.
  2074 | D:3      | Found a shimmering blue altar of Sif Muna.
  2091 | D:3      | Reached skill level 6 in Ranged Weapons
  2095 | D:3      | Reached skill level 1 in Armour
  2298 | D:3      | Noticed Natasha
  2304 | D:3      | Killed Natasha
  2410 | D:3      | 2410 ||| UPGRADING to +0 ring mail.
  2420 | D:3      | 2420 ||| DROPPING +0 leather armour.
  2421 | D:3      | 2421 ||| UPGRADING to +0 cloak.
  2426 | D:3      | 2426 ||| READING scroll labelled PATIYT FYUCIRPH.
  2427 | D:3      | 2427 ||| READING scroll labelled RANIYM DEPO.
  2451 | D:4      | 2451 ||| STAIRDANCE
  2464 | D:4      | 2464 ||| STAIRDANCE
  2543 | D:4      | Reached XP level 6. HP: 39/39 MP: 6/6
  2628 | D:4      | Demolished by an ogre

Levels and vault maps discovered:
D:1:      minmay_arrival_four_houses, layout_loops_ring,
          minmay_misc_feat_ornament, chequers_serial_rivers_marsh
D:2:      layout_loops_ring, basic_altar, ebering_ecumenical_altar_abandoned,
          uniq_crazy_yiuf_cottage
D:3:      layout_basic, led_sif_book, mainiacjoe_overflow_paths, serial_shops,
          shop, serial_corexii_hall, corexii_hall_statues_s,
          chequers_hall_statues_y, corexii_hall_statues_l, uniq_natasha
D:4:      layout_basic, minmay_temple_entry_grid

Skill      XL: |  1  2  3  4  5 |
---------------+----------------+-----
Ranged Weapons | 5 6 |  6.0
Fighting       | 3 4 |  4.4
Armour         | 1 |  1.2
Dodging        | |  1.5
Stealth        | |  1.1

Action                     |  1- 3 |  4- 6 || total
---------------------------+-------+-------++-------
   Fire: Shortbow          |    76 |   119 ||   195
    Use: Scroll            |     5 |     2 ||     7
 Armour: Leather armour    |    10 |    11 ||    21
         Ring mail         |       |    14 ||    14
  Dodge: Dodged            |     9 |    22 ||    31

Table legend:
 A = Non-vault XP
 B = Vault XP
 C = Vault XP percentage of total XP
 D = Non-vault monster count
 E = Vault monster count
 F = Vault count percentage of total count
                 A         B        C        D         E       F
            +---------+---------+-------+---------+---------+-------
      Total |     268 |     102 |  27.6 |      62 |       3 |   4.6
            +---------+---------+-------+---------+---------+-------
        D:1 |      35 |       0 |   0.0 |      21 |       0 |   0.0
        D:2 |     103 |       0 |   0.0 |      23 |       0 |   0.0
        D:3 |      37 |     102 |  73.4 |      13 |       3 |  18.8
        D:4 |      93 |       0 |   0.0 |       5 |       0 |   0.0
            +---------+---------+-------+---------+---------+-------
